Map: Orbital Shipyard

Players

Bop

  • Race: Protoss Protoss

Lethe - Winner!

  • Race: Zerg Zerg

VOD

Have the link to the VOD?

Description

Time

  • Played on: May 2, 2015, 10:19 p.m.
  • Length: 11:56
Show
View Real Time Build Order
Export as new Build Order

Bop Protoss 

Build Orders: Nexus First 

Get SALT Encoding   

  12  0:01  Probe  
  13  0:13  Probe  
  14  0:19  Pylon  
  14  0:37  Probe (Chrono Boost)  
  15  0:46  Probe (Chrono Boost)  
  16  0:54  Probe  
  17  1:02  Nexus  
  17  1:10  Probe  
  18  1:17  Gateway  
  18  1:24  Probe  
  19  1:31  Assimilator  
  19  1:33  Assimilator  
  19  1:42  Probe (Chrono Boost)  
  20  1:49  Pylon  
  20  1:52  Probe (Chrono Boost)  
  21  1:59  Probe  
  22  2:05  Cybernetics Core  
  22  2:07  Zealot  
  24  2:11  Probe (Chrono Boost)  
  24  2:13  Probe (Chrono Boost)  
  26  2:22  Probe (Chrono Boost)  
  28  2:23  Probe (Chrono Boost)  
  28  2:28  Probe (Chrono Boost)  
  29  2:30  Probe  
  30  2:40  Probe (Chrono Boost)  
  30  2:42  Gateway  
  30  2:44  Mothership Core (Chrono Boost)  
  33  2:48  Warp Gate (Chrono Boost)  
  34  2:52  Probe (Chrono Boost)  
  34  2:56  Adept  
  37  2:58  Probe (Chrono Boost)  
  37  2:59  Probe (Chrono Boost)  
  38  3:09  Probe  
  39  3:13  Pylon  
  39  3:14  Probe  
  40  3:21  Probe  
  40  3:26  Probe  
  44  3:30  Sentry (Chrono Boost)  
  44  3:32  Adept (Chrono Boost), Pylon  
  44  3:34  Pylon  
  46  3:37  Forge  
  45  3:45  Gateway  
  45  3:49  Gateway  
  45  4:08  Probe x2  
  45  4:09  Twilight Council  
  45  4:16  Gateway x2  
  45  4:19  Gateway  
  45  4:20  Protoss Shields Level 1, Probe x2  
  47  4:43  Adept x2  
  47  4:44  Adept  
  53  4:49  Pylon  
  53  4:50  Adept  
  53  4:51  Pylon  
  55  4:58  Adept x2  
  59  5:01  Pylon  
  59  5:04  Adept  
  61  5:13  Adept x3  
  67  5:24  Shield Upgrade  
  67  5:28  Adept x4  
  65  5:39  Adept x3  
  65  5:40  Probe  
  65  5:41  Probe  
  69  5:51  Assimilator  
  69  5:52  Assimilator  
  69  5:53  Probe x2  
  61  6:05  Probe  
  61  6:08  Stalker  
  61  6:09  Stalker x3  
  61  6:11  Probe  
  67  6:17  Probe  
  68  6:20  Adept x3  
  68  6:23  Probe  
  75  6:29  Probe, Robotics Facility  
  75  6:31  Zealot x3  
  82  6:35  Probe  
  83  6:41  Probe  
  82  6:51  Stalker x4  
  82  6:52  Stalker  
  72  7:03  Adept x2  
  72  7:05  Protoss Ground Weapons Level 1 (Chrono Boost)  
  76  7:20  Observer  
  77  7:26  Nexus  
  77  7:28  Stargate  
  77  7:41  Warp Prism (Chrono Boost)  
  79  7:46  Stargate  
  79  7:47  Adept x3  
  79  7:48  Zealot x3  
  91  7:52  Pylon  
  91  7:54  Pylon  
  92  7:58  Probe  
  92  8:04  Probe  
  91  8:10  Probe  
  91  8:11  Adept x4  
  92  8:16  Probe  
  81  8:25  Zealot x3  
  79  8:33  Probe (Chrono Boost)  
  75  8:34  Probe (Chrono Boost)  
  75  8:37  Assimilator  
  75  8:40  Sentry x4  
  83  8:43  Probe (Chrono Boost), Assimilator  
  83  8:44  Probe (Chrono Boost)  
  85  8:57  Pylon x2  
  85  8:59  Oracle (Chrono Boost)  
  88  9:03  Oracle (Chrono Boost)  
  91  9:17  Photon Cannon  
  91  9:18  Photon Cannon  
  91  9:19  Photon Cannon  
  91  9:28  Pylon  
  91  9:31  Fleet Beacon  
  89  9:52  Carrier x2 (Chrono Boost)  
  89  9:57  Gateway  
  89  9:59  Gateway  
  89  10:02  Pylon  
  89  10:03  Pylon  
  101  10:28  Photon Cannon  
  101  10:35  Cybernetics Core  
  101  10:36  Photon Cannon  
  101  10:37  Photon Cannon  
  101  10:40  Photon Cannon  
  99  10:54  Stalker x4  
  99  10:55  Stalker  
  90  11:19  Adept x5  
  90  11:20  Adept x2  
  90  11:23  Probe (Chrono Boost)  
  90  11:24  Probe x2 (Chrono Boost)  
  77  11:33  Probe (Chrono Boost)  
  74  11:41  Zealot x2  
  74  11:42  Zealot  
Show
View Real Time Build Order
Export as new Build Order

Lethe Zerg - Winner!

Build Orders: Pool First, Lurkers 

Get SALT Encoding   

  12  0:01  Drone  
  13  0:09  Drone  
  14  0:18  Overlord  
  14  0:23  Drone, Extractor  
  15  0:36  Drone x2  
  17  0:44  Drone  
  18  0:50  Extractor, Spawning Pool  
  18  0:55  Drone  
  17  1:07  Drone  
  18  1:17  Hatchery  
  17  1:21  Drone  
  18  1:28  Drone  
  19  1:37  Queen  
  21  1:43  Overlord  
  21  1:50  Zergling x2  
  22  1:56  Metabolic Boost  
  22  2:02  Drone  
  23  2:13  Drone  
  23  2:15  Queen  
  26  2:26  Drone  
  27  2:39  Drone x2  
  29  2:48  Drone x5  
  29  2:49  Drone  
  35  2:58  Overlord  
  35  3:04  Hatchery  
  35  3:05  Drone x2  
  36  3:16  Queen  
  36  3:18  Overlord  
  36  3:19  Drone x2  
  40  3:21  Drone  
  40  3:22  Drone  
  42  3:30  Zergling x4  
  44  3:37  Drone x5  
  49  3:43  Overlord  
  49  3:50  Roach Warren  
  49  3:53  Burrow  
  48  4:01  Drone x4  
  48  4:02  Drone x4  
  55  4:04  Overlord  
  55  4:13  Drone x4  
  59  4:21  Extractor  
  59  4:22  Evolution Chamber  
  57  4:25  Evolution Chamber, Drone x2  
  57  4:26  Extractor x2  
  57  4:29  Zergling x2  
  57  4:30  Zergling x2  
  58  4:41  Overlord  
  58  4:45  Zergling x6  
  61  4:53  Zerg Missile Weapons Level 1  
  61  4:57  Overlord  
  61  4:58  Zergling x6  
  61  4:59  Zergling x12  
  70  5:05  Zerg Ground Armor Level 1  
  70  5:08  Overlord x3  
  70  5:11  Drone x4  
  70  5:21  Queen  
  70  5:24  Roach x7  
  78  5:29  Roach x2  
  79  5:36  Drone  
  79  5:42  Roach x5  
  84  5:53  Roach x4  
  88  6:01  Drone x2  
  88  6:02  Drone  
  82  6:05  Roach  
  82  6:06  Roach x4  
  90  6:24  Drone x9  
  99  6:35  Overlord  
  96  6:41  Lair  
  90  6:48  Roach x14, Zergling x16  
  94  7:00  Queen  
  96  7:16  Drone x2  
  96  7:21  Zergling x2  
  96  7:22  Zergling x20  
  109  7:34  Overlord  
  109  7:39  Roach x5  
  109  7:40  Drone  
  109  7:41  Drone x2  
  112  7:47  Glial Reconstitution  
  112  7:48  Roach x3  
  112  7:49  Zerg Ground Armor Level 2, Zerg Missile Weapons Level 2  
  112  7:52  Drone x7  
  119  7:58  Hydralisk Den  
  108  8:15  Drone x3  
  108  8:16  Drone x7  
  100  8:32  Lurker Den  
  99  8:38  Roach x14  
  99  8:44  Hydralisk  
  99  8:45  Hydralisk x9  
  119  8:49  Extractor  
  119  8:51  Extractor  
  117  9:00  Overlord  
  117  9:03  Overseer  
  117  9:05  Overlord  
  117  9:11  Roach x6  
  129  9:19  Ravager x5  
  129  9:21  Hatchery  
  133  9:43  Overlord  
  133  9:44  Roach x3  
  133  9:45  Roach x3  
  145  9:48  Overlord x5  
  145  10:08  Lurker x4  
  145  10:10  Hydralisk x8  
  165  10:17  Zergling x20  
  175  10:24  Overlord  
  175  10:30  Roach x5  
  179  11:14  Hydralisk x12  
  179  11:16  Roach  
  197  11:18  Roach  
  191  11:32  Roach x3  
  189  11:33  Roach  
  189  11:46  Spire  
  196  11:49  Infestation Pit  
Tags
 
Add a new tag
Caveats
  • Supply blocks, unpowered buildings, or Contaminate may cause inaccurate times.
  • Supply counts are checked every 10 seconds.